 Dungeon Crawl Stone Soup version 0.25.0-3-gd7cc5688da (webtiles) character file.

Game seed: 5575178874269673953

467 MisterFreud the Magician (level 7, -1/52 HPs)
             Began as a Gnoll Wanderer on June 15, 2020.
             Was an Initiate of Elyvilon.
             Slain by an ogre
             ... wielding a +0 giant club
              (21 damage)
             ... on level 4 of the Dungeon.
             The game lasted 00:08:02 (5393 turns).

MisterFreud the Magician (Gnoll Wanderer)           Turns: 5393, Time: 00:08:03

Health: -1/52      AC:  9    Str: 14    XL:     7   Next: 8%
Magic:  18/18      EV:  7    Int: 15    God:    Elyvilon [......]
Gold:   217        SH:  0    Dex: 16    Spells: 20/21 levels left

rFire    + . .     SeeInvis .   t - +0 hand axe (elec)
rCold    . . .     Gourm    .   (no shield)
rNeg     . . .     Faith    .   p - +0 chain mail
rPois    .         Spirit   .   (no helmet)
rElec    .         Reflect  .   (no cloak)
rCorr    .         Harm     .   (no gloves)
MR       .....                  h - +0 pair of boots
Stlth    ..........             (no amulet)
HPRegen  0.17/turn              o - ring of protection from fire
MPRegen  0.16/turn              (no ring)

@: no status effects
A: distributed training, fangs 1, strong nose
a: Renounce Religion


You were on level 4 of the Dungeon.
You worshipped Elyvilon.
Elyvilon was noncommittal.
You were hungry.

You visited 1 branch of the dungeon, and saw 4 of its levels.

You collected 217 gold pieces.

Inventory:

Hand Weapons
 a - a +0 dagger
 b - a +0 short sword
 t - a +0 hand axe of electrocution (weapon)
Missiles
 g - 107 stones
 j - 44 bolts
 k - 71 arrows
 s - 17 poisoned darts (quivered)
Armour
 d - a +0 robe
 h - a +0 pair of boots (worn)
 p - a +0 chain mail (worn)
Jewellery
 o - a ring of protection from fire (left hand)
Scrolls
 c - 2 scrolls of teleportation
 e - 2 scrolls of identify
 m - 3 scrolls of enchant armour {unknown}
 n - a scroll of amnesia {unknown}
 u - 3 scrolls of remove curse {unknown}
Potions
 i - 2 potions of curing
 l - 2 potions of heal wounds
 q - a potion of magic
 v - a potion of berserk rage
Comestibles
 f - 8 rations
 r - 2 chunks of flesh


   Skills:
 + Level 3.4 Fighting
 + Level 5.1 Short Blades
 + Level 2.2 Long Blades
 + Level 2.2 Axes
 + Level 2.2 Maces & Flails
 + Level 2.2 Polearms
 + Level 2.2 Staves
 + Level 2.2 Slings
 + Level 2.2 Bows
 + Level 2.2 Crossbows
 + Level 2.2 Throwing
 + Level 2.2 Armour
 + Level 3.4 Dodging
 + Level 4.7 Stealth
 + Level 3.4 Shields
 + Level 2.2 Unarmed Combat
 + Level 7.5 Spellcasting
 + Level 1.8 Conjurations
 + Level 1.8 Hexes
 + Level 1.8 Charms
 + Level 1.8 Summonings
 + Level 1.8 Necromancy
 + Level 1.8 Translocations
 + Level 1.8 Transmutations
 + Level 1.8 Fire Magic
 + Level 1.8 Ice Magic
 + Level 1.8 Air Magic
 + Level 1.8 Earth Magic
 + Level 1.8 Poison Magic
 + Level 2.4 Invocations
 + Level 2.2 Evocations


You had 20 spell levels left.
You knew the following spells:

 Your Spells              Type           Power        Failure   Level  Hunger
a - Magic Dart            Conj           ##..         83%         1    None

Your spell library contained the following spells:

 Spells                   Type           Power        Failure   Level  Hunger
 Blink                    Tloc           N/A          93%         2    None
 Call Imp                 Summ           ##......     93%         2    None
 Slow                     Hex            ##......     93%         2    None
 Conjure Flame            Conj/Fire      ##......     99%         3    ##.....
 Mephitic Cloud           Conj/Pois/Air  ##......     99%         3    ##.....


Dungeon Overview and Level Annotations

Branches:
Dungeon (4/15)
 Temple: D:4-7

Altars:
Ashenzari
Elyvilon
Gozag
Wu Jian
Zin
The Shining One

Annotations:
D:4 2 runed translucent doors, braks's ghost, amateur DrTm


Innate Abilities, Weirdness & Mutations

Your experience applies equally to all skills.
You have very sharp teeth.
Your uncanny sense of smell can sniff out nearby items.


Message History

You throw a poisoned dart. The poisoned dart hits the ogre.
The ogre is poisoned.
The ogre hits you with a +0 giant club!
Throwing (i - inventory. (/) - cycle)
s - 19 poisoned darts (quivered)
Press: ? - help, Shift-Dir - straight line, f/p - ogre
Aim: an ogre, wielding a +0 giant club (lightly wounded, poisoned)
You throw a poisoned dart. The poisoned dart hits the ogre.
The ogre looks even sicker.
The ogre is lightly wounded.
Throwing (i - inventory. (/) - cycle)
s - 18 poisoned darts (quivered)
Press: ? - help, Shift-Dir - straight line, f/p - ogre
Aim: an ogre, wielding a +0 giant club (lightly wounded, very poisoned)
You throw a poisoned dart. The poisoned dart hits the ogre.
The ogre looks even sicker.
The ogre is lightly wounded.
The ogre hits you with a +0 giant club!
You hit the ogre.
The ogre is heavily wounded.
The ogre hits you with a +0 giant club!!
You die...

≈≈≈......#..# #...(..............
♣≈≈.........# #.(##..............
≈≈≈.....#.#.###.##...............
≈≈...♣#####.##..####............#
....♣♣ #.......# #............#
...♣♣ #......#####.........##.#
..♣♣ #...##.##.##..#.....###.#
...♣♣ #...#........###....# ..+
....♣♣ #..<...O@##...#...#.##..+
≈≈...♣ #..##..#.###.#...##.....#
≈≈≈..♣♣ ####..##..##.....##.....#
_≈≈...♣ #......#.###.....##.....#
≈≈≈..♣♣ #........###>....###...##
≈≈...♣ #...##...#.#.....##.....#
....♣♣ #.###..#...>..........#..
...♣♣ #.....##............###.#
..♣♣ #........#####......##...


You could see an ogre (poisoned).

Vanquished Creatures
  A black bear (D:3)
  2 crimson imps (D:3)
  2 hounds (D:4)
  Natasha (twice) (D:4)
  A worker ant (D:4)
  8 adders
  2 oozes (D:4)
  3 worms
  A dart slug (D:3)
  2 leopard geckos
  5 orcs (D:3)
  A ball python (D:2)
  7 bats
  6 giant cockroaches
  5 goblins
  9 hobgoblins
  3 jackals (D:3)
  8 kobolds
  2 quokkas
  4 frilled lizards
  8 rats
82 creatures vanquished.

Notes
Turn   | Place    | Note
-------+----------+-------------------------------------------
     0 | D:1      | MisterFreud the Gnoll Wanderer began the quest for the Orb.
     0 | D:1      | MisterFreud set off with the following items: a +0 dagger,
                  | a potion of lignification, a scroll of teleportation, a +0
                  | robe, a ration; and the following spell memorised: Magic
                  | Dart; and the following spells available to memorise:
                  | Blink, Call Imp, Slow, Conjure Flame, Mephitic Cloud
     0 | D:1      | Reached XP level 1. HP: 17/17 MP: 8/8
   457 | D:1      | Reached XP level 2. HP: 15/23 MP: 6/10
   985 | D:2      | Reached XP level 3. HP: 19/28 MP: 6/11
  1117 | D:2      | Found a glowing silver altar of Zin.
  1277 | D:2      | Reached skill level 1 in Invocations
  1645 | D:2      | Reached skill level 1 in Long Blades
  1645 | D:2      | Reached skill level 1 in Axes
  1645 | D:2      | Reached skill level 1 in Maces & Flails
  1645 | D:2      | Reached skill level 1 in Polearms
  1645 | D:2      | Reached skill level 1 in Staves
  1645 | D:2      | Reached skill level 1 in Slings
  1645 | D:2      | Reached skill level 1 in Bows
  1645 | D:2      | Reached skill level 1 in Crossbows
  1645 | D:2      | Reached skill level 1 in Throwing
  1645 | D:2      | Reached skill level 1 in Armour
  1645 | D:2      | Reached skill level 1 in Unarmed Combat
  1645 | D:2      | Reached skill level 1 in Evocations
  1645 | D:2      | Reached XP level 4. HP: 28/34 MP: 7/13
  2229 | D:2      | Found a faded altar of an unknown god.
  3125 | D:3      | Reached skill level 1 in Conjurations
  3125 | D:3      | Reached skill level 1 in Hexes
  3125 | D:3      | Reached skill level 1 in Charms
  3125 | D:3      | Reached skill level 1 in Summonings
  3125 | D:3      | Reached skill level 1 in Necromancy
  3125 | D:3      | Reached skill level 1 in Translocations
  3125 | D:3      | Reached skill level 1 in Transmutations
  3125 | D:3      | Reached skill level 1 in Fire Magic
  3125 | D:3      | Reached skill level 1 in Ice Magic
  3125 | D:3      | Reached skill level 1 in Air Magic
  3125 | D:3      | Reached skill level 1 in Earth Magic
  3125 | D:3      | Reached skill level 1 in Poison Magic
  3421 | D:3      | Reached XP level 5. HP: 39/40 MP: 14/14
  3841 | D:3      | Noticed a black bear
  3856 | D:3      | Killed a black bear
  3856 | D:3      | Reached XP level 6. HP: 23/47 MP: 16/16
  4204 | D:3      | Reached skill level 5 in Short Blades
  4534 | D:4      | Found a large runed translucent door.
  4535 | D:4      | Found a large runed translucent door.
  4815 | D:4      | Found an opulent altar of Gozag.
  5129 | D:4      | Found a white marble altar of Elyvilon.
  5156 | D:4      | Noticed Natasha
  5162 | D:4      | Killed Natasha
  5162 | D:4      | Reached XP level 7. HP: 48/52 MP: 18/18
  5187 | D:4      | Found a glowing golden altar of the Shining One.
  5208 | D:4      | Noticed Natasha
  5221 | D:4      | Killed Natasha
  5252 | D:4      | Found a shattered altar of Ashenzari.
  5252 | D:4      | Found an ornate altar of the Wu Jian Council.
  5310 | D:4      | Noticed braks's ghost (amateur DrTm)
  5344 | D:4      | Became a worshipper of Elyvilon the Healer
  5393 | D:4      | Slain by an ogre

Illustrated notes

Levels and vault maps discovered:
D:1:      eino_arrival_tree_alley, layout_basic
D:2:      layout_basic, overflow_temple_1_default,
          chequers_ecumenical_altar_grove, first_ration
D:3:      layout_basic, serial_corexii_hall, corexii_hall_statues_i,
          chequers_hall_statues_corner_a
D:4:      layout_cave_pools, lemuel_doored_altar, nicolae_gozag_seed_capital,
          amethyst_overflow_temple_binary, ebering_ghost_disaster_area,
          elyvilon_altar_3, uniq_natasha

Skill      XL: |  1  2  3  4  5  6 |
---------------+-------------------+-----
Invocations    | 1 2 |  2.4
Long Blades    | 1 2 |  2.2
Axes           | 1 2 |  2.2
Maces & Flails | 1 2 |  2.2
Polearms       | 1 2 |  2.2
Staves         | 1 2 |  2.2
Slings         | 1 2 |  2.2
Bows           | 1 2 |  2.2
Crossbows      | 1 2 |  2.2
Throwing       | 1 2 |  2.2
Armour         | 1 2 |  2.2
Unarmed Combat | 1 2 |  2.2
Evocations     | 1 2 |  2.2
Conjurations   | 1 |  1.8
Hexes          | 1 |  1.8
Charms         | 1 |  1.8
Summonings     | 1 |  1.8
Necromancy     | 1 |  1.8
Translocations | 1 |  1.8
Transmutations | 1 |  1.8
Fire Magic     | 1 |  1.8
Ice Magic      | 1 |  1.8
Air Magic      | 1 |  1.8
Earth Magic    | 1 |  1.8
Poison Magic   | 1 |  1.8
Fighting       | 3 |  3.4
Dodging        | 3 |  3.4
Shields        | 3 |  3.4
Short Blades   | 5 |  5.1
Stealth        | |  4.7
Spellcasting   | |  7.5

Action                   |  1- 3 |  4- 6 |  7- 9 || total
-------------------------+-------+-------+-------++-------
Melee: Dagger            |   116 |    67 |       ||   183
       Bite              |    13 |    35 |       ||    48
       Short sword       |       |   186 |       ||   186
       Hand axe          |       |    95 |     1 ||    96
       Unarmed           |       |       |     3 ||     3
Throw: Dart              |       |       |     3 ||     3
 Cast: Magic Dart        |    22 |     5 |       ||    27
  Use: Potion            |     1 |       |       ||     1
       Scroll            |       |     4 |       ||     4
 Stab: Sleeping          |     4 |       |       ||     4
  Eat: Chunk             |     2 |    11 |     1 ||    14
Armor: Robe              |    14 |       |       ||    14
       Skin              |    12 |       |       ||    12
       Chain mail        |       |   211 |       ||   211
Dodge: Dodged            |    67 |   108 |     1 ||   176
